 Dungeon Crawl Stone Soup version 0.31.0-12-g77e489cdc1 (webtiles) character file.

Game seed: 6714513453514231701

6 Justthedoctor22 the Grave Robber (level 1, 0/14 HPs)
             Began as a Ghoul Necromancer on Feb 20, 2024.
             Slain by a jackal (3 damage)
             ... on level 1 of the Dungeon.
             The game lasted 00:06:08 (201 turns).

Justthedoctor22 the Grave Robber (Ghoul Necromancer) Turns: 201, Time: 00:06:09

Health: 0/14       AC:  3    Str: 11    XL:     1   Next: 90%
Magic:  3/3        EV:  9    Int: 14    God:
Gold:   2          SH:  6    Dex:  9    Spells: 3/3 levels left

rFire   . . .        c - +0 short sword (venom)
rCold   + . .        d - +0 kite shield
rNeg    + + +        e - +0 leather armour
rPois   ∞            (no helmet)
rElec   .            (no cloak)
rCorr   .            (no gloves)
SInv    .            (no boots)
Will    .....        (no amulet)
Stlth   +            (no ring)
HPRegen 0.00/turn    (no ring)
MPRegen 0.08/turn

%: no passive effects
@: inhibited regen
A: claws 1, cold resistance 1, negative energy resistance 3, inhibited
regeneration, torment resistance 2, devour on kill
a: no special abilities


You were on level 1 of the Dungeon.
You visited 1 branch of the dungeon, and saw 1 of its levels.

You collected 2 gold pieces.

Inventory:

Hand Weapons
 c - a +0 short sword of venom (weapon)
Armour
 a - a +0 robe
 d - a +0 kite shield (worn)
 e - a +0 leather armour (worn)
Potions
 b - a potion of magic


   Skills:
 * Level 1.9 Dodging
 + Level 2.1 Stealth
 * Level 1.8 Spellcasting
 * Level 4.2 Necromancy


You had 3 spell levels left.
You didn't know any spells.
Your spell library contained the following spells:

 Spells                   Type           Power      Damage    Failure   Level
 Necrotise                Necr           52%        1d6       28%         1
 Vampiric Draining        Necr           13%        2d6       65%         3
 Animate Dead             Necr           13%        N/A       96%         4
 Curse of Agony           Necr           13%        N/A       100%        5


Dungeon Overview and Level Annotations

Branches:
Dungeon (1/15)

Altars:


Innate Abilities, Weirdness & Mutations

You are immune to poison.
You have sharp fingernails.
Your flesh is cold resistant. (rC+)
You are immune to negative energy. (rN+++)
You do not regenerate when monsters are visible.
You are immune to unholy pain and torment.
You thrive by killing the living.


Message History

A jackal comes into view.
Found a ring mail. 2 jackals come into view.
A jackal comes into view.
The jackal barks! x2
A kobold comes into view. It is wielding a +0 whip.
The jackal barks!
The jackal bites you but does no damage.
You miss the jackal.
The jackal barks!
The jackal barely misses you.
A ball python comes into view.
The ball python hisses angrily.
You miss the jackal. The jackal bites you. You block the jackal's attack. x3
You hit the jackal.
The jackal is poisoned.
The jackal is heavily wounded.
The jackal bites you. You block the jackal's attack. The jackal bites you. x2
The jackal barely misses you. x2
You hit the jackal.
The jackal is almost dead.
You kill the jackal!
The jackal barely misses you.
The jackal bites you but does no damage.
You closely miss the jackal. You block the jackal's attack.
The jackal bites you but does no damage.
You block the jackal's attack. The jackal completely misses you.
The jackal barely misses you.
You miss the jackal. The jackal barely misses you.
The jackal closely misses you. The jackal barely misses you.
The jackal closely misses you.
The jackal bites you but does no damage.
The jackal misses you.
You hit the jackal but do no damage.
The jackal is poisoned.
The jackal bites you.
* * * LOW HITPOINT WARNING * * *
The jackal bites you but does no damage.
The jackal barely misses you. x4
You barely miss the jackal. You block the jackal's attack.
The jackal bites you.
You die...

#......# #.# .. #
#.#..#.###.# ...
#.##.#........# ....
#.............# ....
#.##....#.###.###....
#.##.#..### #........
#.........####.......
#.##.........#...####
# #@h.......#...#
#hh.......#...#
SK..#.....#...####
##...#.....#.......
#.... [.. ##......
#...#. .. #......
....... #......
#.....## #......
#......


You could see 3 jackals, a ball python and a kobold.

Vanquished Creatures
  An endoplasm (D:1)
  A giant cockroach (D:1)
  A jackal (D:1)
  A frilled lizard (D:1)
  A kobold (D:1)
  A rat (D:1)
6 creatures vanquished.

Notes
Turn   | Place    | Note
-------+----------+-------------------------------------------
     0 | D:1      | Justthedoctor22 the Ghoul Necromancer began the quest for
                  | the Orb.
     0 | D:1      | Reached XP level 1. HP: 14/14 MP: 3/3
   201 | D:1      | Slain by a jackal

Illustrated notes

Levels and vault maps discovered:
D:1:      dpeg_arrival_houses_and_road, layout_basic

Action                     || total
---------------------------++-------
  Melee: Short sword       ||    17
   Cast: Necrotise         ||     1
    Use: Scroll            ||     1
         Potion            ||     1
 Armour: Leather armour    ||    11
         Robe              ||     5
         Skin              ||     1
  Dodge: Dodged            ||    16
  Block: Kite shield       ||     8
